 Dungeon Crawl Stone Soup version 0.29-a0-380-gf50f0a9fbc (webtiles) character file.

Game seed: 17753565998007180415

310 holysushi the Insei (level 6, -10/42 HPs)
             Began as an Octopode Transmuter on May 6, 2022.
             Killed by a bolt of acid (52 damage)
             ... invoked by the enmity of Fedhas Madash
             ... on level 3 of the Dungeon.
             The game lasted 00:05:10 (2956 turns).

holysushi the Insei (Octopode Transmuter)           Turns: 2956, Time: 00:05:10

Health: -10/42     AC:  1    Str: 10    XL:     6   Next: 41%
Magic:  9/9        EV: 14    Int: 15    God:
Gold:   148        SH:  0    Dex: 14    Spells: 6/9 levels left

rFire   . . .      SeeInvis .     - Unarmed
rCold   . . .      Faith    .   (no shield)
rNeg    . . .      Spirit   .   (helmet restricted)
rPois   .          Reflect  .   n - amulet of magic regeneration
rElec   .          Harm     .   (no ring)
rCorr   .          Rampage  .   (no ring)
Will    .....                   (no ring)
Stlth   ++........              (no ring)
HPRegen 0.14/turn               (no ring)
MPRegen 0.51/turn               (no ring)
                                (no ring)
                                (no ring)

@: no status effects
A: almost no armour, amphibious, 8 rings, camouflage 1, gelatinous body 1,
(nimble swimmer 1), tentacles
a: no special abilities


You were on level 3 of the Dungeon.
You visited 1 branch of the dungeon, and saw 3 of its levels.

You collected 148 gold pieces.

Inventory:

Jewellery
 n - an amulet of magic regeneration (around mantle)
Wands
 p - a wand of digging (7)
Scrolls
 b - 4 scrolls of identify {unknown}
 f - 3 scrolls of teleportation {unknown}
 g - 3 scrolls of fear {unknown}
 k - a scroll of blinking {unknown}
 m - a scroll of magic mapping {unknown}
Potions
 a - a potion of lignification
 c - a potion of magic {unknown}
 d - 3 potions of flight {unknown}
 e - 4 potions of ambrosia {unknown}
 h - a potion of curing {unknown}
 i - a potion of heal wounds {unknown}
 j - 2 potions of might {unknown}
 l - a potion of haste {unknown}
 o - a potion of invisibility {unknown}
 q - a potion of degeneration {unknown}


   Skills:
 + Level 3.2 Fighting
 + Level 3.1 Dodging
 * Level 5.6 Unarmed Combat
 - Level 2.0 Spellcasting
 - Level 2.0 Transmutations


You had 6 spell levels left.
You knew the following spells:

 Your Spells              Type           Power      Damage    Failure   Level
a - Beastly Appendage     Tmut           14%        N/A       10%         1
b - Wereblood             Tmut           7%         N/A       14%         2

Your spell library contained the following spells:

 Spells                   Type           Power      Damage    Failure   Level
 Summon Small Mammal      Summ           4%         N/A       22%         1
 Spider Form              Tmut/Pois      4%         N/A       41%         3
 Call Canine Familiar     Summ           1%         N/A       54%         3
 Dazzling Flash           Conj/Hex       2%         N/A       54%         3
 Summon Guardian Golem    Hex/Summ       1%         N/A       54%         3
 Ice Form                 Ice/Tmut       4%         N/A       82%         4
 Iskenderun's Mystic Bla  Conj/Tloc      1%         2d3       91%         4
 Starburst                Conj/Fire      0%         6d3       100%        6


Dungeon Overview and Level Annotations

Branches:
Dungeon (3/15)

Altars:
Fedhas

Annotations:
D:3 exclusion: oklob plant


Innate Abilities, Weirdness & Mutations

You cannot wear most types of armour.
You are amphibious.
You can wear up to eight rings at the same time.
Your skin changes colour to match your surroundings (Stealth+).
Your rubbery body absorbs attacks. (AC +1, EV +1)
((You are camouflaged when in or above water. (Stealth+)))
You have tentacles for arms and can constrict up to eight enemies at once.


Message History

Found 28 stones.
There is an open door here.
There is an open door here.
p - a wand of digging (7);
q - a pink potion
Things that are here:
a +0 club; a +0 robe; the human corpse of Jessica
There is an open door here.
You howl as the wereblood boils in your veins!
Your tentacle spike disappears.
Your primal bloodlust is almost over.
Your primal bloodlust has ended.
A quokka comes into view.
A quokka is nearby!
A quokka is nearby!
A quokka is nearby!
A quokka is nearby!
Casting: Wereblood (safe; 14% risk of failure)
Confirm with . or Enter, or press ? or * to list all spells.
One of your tentacles grows a vicious spike.
Your transformation is almost over.
The quokka twitches its whiskers.
You tentacle-slap the quokka but do no damage.
Your grab misses the quokka. The quokka closely misses you.
You closely miss the quokka. Your grab misses the quokka.
Your tentacle spike misses the quokka.
The quokka twitches its whiskers.
The quokka barely misses you.
You closely miss the quokka. Your grab misses the quokka.
You pierce the quokka.
The quokka is moderately wounded.
The quokka closely misses you.
A quokka is nearby!
You completely miss the quokka. You grab the quokka. You squeeze the quokka.
You kill the quokka!
No target in view!
No target in view!
Your tentacle spike disappears.
Fedhas invokes nature against you. The bolt of acid hits you!!!
Ouch! That really hurt!
You die...

#####
##........##....(.#
#..##.##.##......#
#...#.##.##......#
#.#.#.#..##......#
##.#...#..##......##
.###.................')
.......#..#..........##
######..#.#..........#
#.....@.#......#######
#.##.#..#.......# #
...#..#.##.#
.#.##....##.#######
.................... ##
#.####..##.#......
#.......##+####.##
#####.#.#... #.##
#.#.#... #.##


You could see the enmity of Fedhas Madash (unaware).

Vanquished Creatures
  Sigmund (D:2)
  Jessica (D:3)
  3 adders
  3 gnolls (D:2)
  3 dart slugs (D:2)
  An orc (D:3)
  2 ball pythons
  10 endoplasms
  3 giant cockroaches
  5 hobgoblins
  2 jackals (D:1)
  3 kobolds
  8 quokkas
  2 bats
  A frilled lizard (D:2)
  4 goblins
  5 rats
57 creatures vanquished.

Notes
Turn   | Place    | Note
-------+----------+-------------------------------------------
     0 | D:1      | holysushi the Octopode Transmuter began the quest for the
                  | Orb.
     0 | D:1      | Reached XP level 1. HP: 13/13 MP: 3/3
   363 | D:1      | Reached XP level 2. HP: 18/18 MP: 3/5
   554 | D:1      | Learned a level 2 spell: Wereblood
   920 | D:1      | Found a faded altar of an unknown god.
   933 | D:1      | Reached XP level 3. HP: 17/24 MP: 4/6
   935 | D:1      | Prayed at the altar of an unknown god.
   935 | D:1      | Became a worshipper of Fedhas Madash
   935 | D:1      | Reached * piety under Fedhas
  1028 | D:1      | Fell from the grace of Fedhas
  1203 | D:2      | Reached skill level 4 in Unarmed Combat
  1256 | D:2      | Reached XP level 4. HP: 29/29 MP: 5/7
  1912 | D:2      | Noticed Sigmund
  1922 | D:2      | Killed Sigmund
  1923 | D:2      | Reached skill level 5 in Unarmed Combat
  1923 | D:2      | Reached XP level 5. HP: 31/36 MP: 8/8
  1923 | D:2      | Reached XP level 6. HP: 37/42 MP: 9/9
  2506 | D:3      | Noticed an oklob plant
  2506 | D:3      | Noticed a wandering mushroom
  2907 | D:3      | Noticed Jessica
  2915 | D:3      | Killed Jessica
  2956 | D:3      | Killed by a bolt of acid

Illustrated notes

Levels and vault maps discovered:
D:1:      minmay_arrival_three_doors, layout_basic,
          shapermc_ecumenical_altar_mp_highgroup, chequers_serial_rivers_micro_c
D:2:      layout_loops_cross, minmay_tromino_v4_c, uniq_sigmund
D:3:      layout_basic, good_gods_mini_temple, grunt_ministairs_12, uniq_jessica

Skill      XL: |  1  2  3  4  5  6 |
---------------+-------------------+-----
Unarmed Combat | 4 5 |  5.6
Fighting       | 2 3 |  3.2
Dodging        | 3 |  3.1
Spellcasting   | |  2.0
Transmutations | |  2.0

Action                   |  1- 3 |  4- 6 || total
-------------------------+-------+-------++-------
Melee: Unarmed           |    56 |    65 ||   121
       Kick              |     7 |     8 ||    15
       Tentacles         |    15 |    11 ||    26
       Constrict         |    13 |    21 ||    34
       Punch             |     3 |     1 ||     4
 Cast: Beastly Appendage |    13 |    14 ||    27
       Wereblood         |     1 |     1 ||     2
Invok: Renounce Religion |     1 |       ||     1
 Stab: Sleeping          |     4 |     5 ||     9
Armor: Skin              |     6 |     3 ||     9
Dodge: Dodged            |    40 |    30 ||    70

Table legend: (Time is in decaauts)
 A = Elapsed time spent in this place.
 B = Non-inter-level travel time spent in this place.
 C = Inter-level travel time spent in this place.
 D = Time resting spent in this place.
 E = Time spent auto-exploring this place.
 F = Levels seen in this place.
 G = Mean time per level.
                   A        B        C        D        E       F      G
               +--------+--------+--------+--------+--------+-----+--------+
         Total |   2945 |   2920 |     25 |    479 |   1826 |   3 |  981.7 |
       Dungeon |   2945 |   2920 |     25 |    479 |   1826 |   3 |  981.7 |
               +--------+--------+--------+--------+--------+-----+--------+

Top non-repeatable levels by time:
     D:2: 1294 daAuts
     D:1: 1141 daAuts
     D:3: 509 daAuts
